 Dungeon Crawl Stone Soup version 0.31.0-9-g3a7656b989 (webtiles) character file.

Game seed: 5808078331397585950

23 qw the Shooter (level 2, -2/16 HPs)
             Began as a Deep Elf Hunter on Feb 2, 2024.
             Succumbed to their own poison gas
             ... on level 1 of the Dungeon.
             The game lasted 00:00:02 (779 turns).

qw the Shooter (Deep Elf Hunter)                     Turns: 779, Time: 00:00:02

Health: -2/16      AC:  3    Str:  8    XL:     2   Next: 72%
Magic:  4/4        EV: 12    Int: 13    God:
Gold:   18         SH:  0    Dex: 18    Spells: 1/1 levels left

rFire   . . .        a - +0 shortbow
rCold   . . .        (shield currently unavailable)
rNeg    . . .        c - +0 leather armour
rPois   .            (no helmet)
rElec   .            (no cloak)
rCorr   .            (no gloves)
SInv    .            (no boots)
Will    +....        (no amulet)
Stlth   ++           d - ring of willpower
HPRegen 0.22/turn    (no ring)
MPRegen 0.09/turn

%: no passive effects
@: lethally poisoned (-2 -> -19)
A: no striking features
a: no special abilities


You were on level 1 of the Dungeon.
You visited 1 branch of the dungeon, and saw 1 of its levels.

You collected 18 gold pieces.


   Skills:
 - Level 1.5 Fighting
 + Level 6.4 Ranged Weapons
 - Level 2.4 Dodging
 - Level 1.2 Stealth


You had one spell level left.
You didn't know any spells.
Your spell library was empty.

Inventory:

Hand Weapons
 a - a +0 shortbow (weapon)
Armour
 c - a +0 leather armour (worn)
Jewellery
 d - a ring of willpower (left hand)
Potions
 e - a potion of curing {unknown}
 f - a potion of brilliance {unknown}

Dungeon Overview and Level Annotations

Branches:
Dungeon (1/15)

Altars:


Message History

Things that are here:
a +0 club; a goblin skeleton
There is an open door here.
There is an open door here.
There is an open door here.
There is an open door here.
There is an escape hatch in the floor here.
You see here a +0 dagger.
You enter the shallow water.
Moving in this stuff is going to be slow.
Partly explored, can't reach some places.
Partly explored, can't reach some places.
776 ||| UPGRADING to ring of willpower.
d - a ring of willpower (left hand) Partly explored, can't reach some places.
777 ||| READING scroll labelled GULAC MAL QUOS.
The air fills with toxic fumes!
As you read the scroll labelled GULAC MAL QUOS, it crumbles to dust.
It was a scroll of poison.
Partly explored, can't reach some places.
778 ||| DROPPING scroll of butterflies.
You drop a scroll of butterflies.
You hear a splash.
Partly explored, can't reach some places.
What level of the Dungeon? (default 1, ? - help) Sorry, I don't know how to get there.
Enter note:
Enter note:
Enter note:
Enter note:
Enter note:
Enter note:
Enter note:
Enter note:
Enter note:
Enter note:
Enter note:
Enter note: You are engulfed in poison gas.
You are lethally poisoned!
Ouch! That really hurt!
You die...

### ##¤# ## ##¤¤#
#¤###¤¤¤## #¤¤¤#¤¤¤¤#
############¤¤¤¤¤¤¤¤#####
........>.####¤¤¤¤¤¤¤¤¤¤#
#########.# ##¤¤?¤¤¤¤¤¤¤
###.......# #¤¤@¤¤¤¤##¤¤#
.......#..# ##¤¤¤¤¤¤¤¤#
##
.##.##.#.)###¤¤¤¤¤¤¤¤¤#
.##.##.#..##¤¤¤¤¤¤¤¤¤¤#
.##.##.#..##¤¤¤¤¤¤¤¤¤¤#
.##..#.#..¤¤¤¤¤¤¤¤¤¤¤¤#
.#...#.######¤¤¤¤¤¤¤###
.#.#.#....#####...###
.....#.......##..##


There were no monsters in sight!

Vanquished Creatures
  A dart slug (D:1)
  A giant cockroach (D:1)
  2 goblins (D:1)
  2 hobgoblins (D:1)
  4 jackals (D:1)
  A quokka (D:1)
  3 ball pythons (D:1)
  A bat (D:1)
  3 kobolds (D:1)
18 creatures vanquished.

Notes
Turn   | Place    | Note
-------+----------+-------------------------------------------
     0 | D:1      | qw the Deep Elf Hunter began the quest for the Orb.
     0 | D:1      | Reached XP level 1. HP: 12/12 MP: 3/3
     0 | D:1      | 0 ||| qw: Version: 0.3-a-155-g5e7d8dd
     0 | D:1      | 0 ||| qw: Game counter: 1207
     0 | D:1      | 0 ||| qw: Melee chars always use a shield: true
     0 | D:1      | 0 ||| qw: God list: Okawaru
     0 | D:1      | 0 ||| qw: Allow faded altars: false
     0 | D:1      | 0 ||| qw: Do Orc after clearing Dungeon:15 true
     0 | D:1      | 0 ||| qw: Do second Lair branch before Depths: true
     0 | D:1      | 0 ||| qw: Lair rune preference: random
     0 | D:1      | 0 ||| qw: Goals: Normal
     0 | D:1      | 0 ||| PLANNING D:1-11
   138 | D:1      | Reached XP level 2. HP: 16/16 MP: 4/4
   152 | D:1      | Reached skill level 6 in Ranged Weapons
   776 | D:1      | 776 ||| UPGRADING to ring of willpower.
   777 | D:1      | 777 ||| READING scroll labelled GULAC MAL QUOS.
   778 | D:1      | 778 ||| DROPPING scroll of butterflies.
   779 | D:1      | Succumbed to their own poison gas

Levels and vault maps discovered:
D:1:      eino_arrival_cavern_b, layout_basic, hangedman_feature_mirror

Skill      XL: |  1  2 |
---------------+-------+-----
Ranged Weapons | 6 |  6.4
Fighting       | |  1.5
Dodging        | |  2.4
Stealth        | |  1.2

Action                     || total
---------------------------++-------
   Fire: Shortbow          ||    48
    Use: Scroll            ||     1
 Armour: Leather armour    ||    10
  Dodge: Dodged            ||    12

Table legend:
 A = Non-vault XP
 B = Vault XP
 C = Vault XP percentage of total XP
 D = Non-vault monster count
 E = Vault monster count
 F = Vault count percentage of total count
                 A         B        C        D         E       F
            +---------+---------+-------+---------+---------+-------
      Total |      30 |       3 |   9.1 |      16 |       2 |  11.1
            +---------+---------+-------+---------+---------+-------
        D:1 |      30 |       3 |   9.1 |      16 |       2 |  11.1
            +---------+---------+-------+---------+---------+-------
